 Dungeon Crawl Stone Soup version 0.30-a0-702-gdf48620a09 (webtiles) character file.

Game seed: 15752212938843756882

1156 CrazyBamboolord the Insei (level 8, 0/52 HPs)
             Began as an Octopode Transmuter on Jan 21, 2023.
             Was a Follower of Nemelex Xobeh.
             Slain by an unseen horror (8 damage)
             ... on level 5 of the Dungeon.
             The game lasted 00:10:41 (4850 turns).

CrazyBamboolord the Insei (Octopode Transmuter)     Turns: 4850, Time: 00:10:42

Health: 0/52       AC:  1    Str:  6    XL:     8   Next: 39%
Magic:  13/13      EV: 14    Int: 17    God:    Nemelex Xobeh [*.....]
Gold:   228        SH:  5    Dex: 16    Spells: 8/14 levels left

rFire   + . .      SeeInvis .      - Unarmed
rCold   . . .      Faith    .    (no shield)
rNeg    . . .      Spirit   .    (helmet restricted)
rPois   .          Reflect  +    c - amulet of reflection
rElec   .          Harm     .    d - ring of protection from fire
rCorr   +          Rampage  .    i - ring of resist corrosion
Will    ++...                    h - ring of willpower
Stlth   +++                      r - ring of willpower
HPRegen 0.28/turn                (no ring)
MPRegen 0.13/turn                (no ring)
                                 (no ring)
                                 (no ring)

@: no status effects
A: almost no armour, amphibious, 8 rings, camouflage 1, gelatinous body 1,
(nimble swimmer 1), tentacles, agile 1, passive freeze, weak 1
a: Renounce Religion, Draw Escape, Draw Destruction, Draw Summoning


You were on level 5 of the Dungeon.
You worshipped Nemelex Xobeh.
Nemelex Xobeh was aware of your devotion.
You visited 1 branch of the dungeon, and saw 5 of its levels.

You collected 228 gold pieces.

Inventory:

Missiles
 k - a throwing net
Jewellery
 c - an amulet of reflection (around mantle)
 d - a ring of protection from fire (left tentacle)
 h - a ring of willpower (on tentacle)
 i - a ring of resist corrosion (right tentacle)
 r - a ring of willpower (on tentacle)
Scrolls
 b - a scroll of magic mapping
 f - a scroll of noise
 g - a scroll of fear {unknown}
 j - a scroll of silence {unknown}
 n - a scroll of torment {unknown}
 p - a scroll of vulnerability {unknown}
 q - 2 scrolls of fog {unknown}
 u - a scroll of teleportation {unknown}
 v - a scroll of blinking {unknown}
Potions
 a - a potion of lignification
 e - 4 potions of flight
 l - a potion of cancellation
 m - a potion of attraction
 o - a potion of brilliance
 t - a potion of invisibility {unknown}


   Skills:
 * Level 3.1 Fighting
 * Level 4.0 Dodging
 + Level 1.5 Stealth
 + Level 1.5 Shields
 * Level 5.6 Unarmed Combat
 * Level 3.8 Spellcasting
 * Level 3.8 Transmutations
 * Level 3.1 Poison Magic
 * Level 3.0 Invocations


You had 8 spell levels left.
You knew the following spells:

 Your Spells              Type           Power      Damage    Failure   Level
a - Beastly Appendage     Tmut           32%        N/A       3%          1
b - Wereblood             Tmut           16%        N/A       4%          2
c - Spider Form           Tmut/Pois      15%        N/A       12%         3

Your spell library contained the following spells:

 Spells                   Type           Power      Damage    Failure   Level
 Ignite Poison            Fire/Tmut/Pois 11%        N/A       19%         3
 Kindle Blastsparks       Fire/Tloc/Air  6%         2d10      43%         3
 Ice Form                 Ice/Tmut       9%         N/A       58%         4
 Freezing Cloud           Conj/Ice/Air   1%         6-21      99%         5


Dungeon Overview and Level Annotations

Branches:
Dungeon (5/15)
 Temple: D:4-7

Altars:
Elyvilon
Gozag
Hepliaklqana
Nemelex Xobeh
Vehumet
Zin


Innate Abilities, Weirdness & Mutations

You cannot wear most types of armour.
You are amphibious.
You can wear up to eight rings at the same time.
Your skin changes colour to match your surroundings (Stealth+).
Your rubbery body absorbs attacks. (AC +1, EV +1)
((You are camouflaged when in or above water. (Stealth+)))
You have tentacles for arms and can constrict up to eight enemies at once.
You are agile. (Dex +4, Str/Int -1)
A frigid envelope surrounds you and freezes all who hurt you.
You are weak. (Str -2)


Message History

Your squeeze misses the killer bee.
You howl as the wereblood boils in your veins!
You block the killer bee's attack. The killer bee misses you.
You barely miss the killer bee. You grab the killer bee.
Your tentacle spike misses the killer bee.
Your primal bloodlust is almost over.
You constrict the killer bee, but do no damage.
The killer bee stings you. The killer bee barely misses you.
You barely miss the killer bee.
You pierce the killer bee.
You tentacle-slap the killer bee. You squeeze the killer bee.
The killer bee is heavily wounded.
Your tentacle spike disappears.
You constrict the killer bee. The killer bee misses you.
The killer bee barely misses you.
You barely miss the killer bee.
The killer bee is heavily wounded.
You constrict the killer bee. You block the killer bee's attack.
The killer bee closely misses you.
You tentacle-slap the killer bee.
The killer bee is severely wounded.
You constrict the killer bee. The killer bee closely misses you.
You closely miss the killer bee. Your squeeze misses the killer bee.
The killer bee is almost dead.
You constrict the killer bee. The killer bee stings you!
The killer bee stings you.
You tentacle-slap the killer bee.
You feel a bit better.
You kill the killer bee!
Something hits you!
Your Invocations skill increases to level 3!
You barely miss the iguana. You grab the iguana.
You squeeze the iguana, but do no damage.
Your primal bloodlust has ended.
You constrict the iguana. Something hits you!
* * * LOW HITPOINT WARNING * * *
The iguana barely misses you.
It was a potion of mutation.
You feel extremely strange.
You feel agile.
Your skin feels very cold.
You feel weaker.
You constrict the iguana. Something hits you!
You die...
Your body glows slightly and disappears.

.....### #.#####..#..#..#####.###
.......###.#..)...#..#......#.###
.......##..#......#..#......#....
........#.##..#####..#####..#.###
..........##......#..# #....
.......#..##......#..# #.###
..######..######..#..# #>... '##
#..# #..#..# #.### .### #..#
#@.#..# #.# ...# #..##[.[l..#..#
#.### ...#
#...########..########.... ...#
##.....................### ...#
#.##########.######.### # ...#
#.#....# #.# #.##### ####
#.#....# #.# #.....# #.#....# #.#
#####.# #.#....#####.# #.#


You could see an iguana.

Vanquished Creatures
  2 ogres
  A centaur (D:5)
  3 scorpions (D:5)
  A killer bee (D:5)
  4 hounds
  A jelly (D:5)
  2 orc priests (D:5)
  5 iguanas (D:5)
  2 orc wizards (D:5)
  4 gnolls
  6 adders
  2 dart slugs
  3 worms (D:2)
  18 orcs
  5 endoplasms
  4 giant cockroaches
  6 goblins
  7 hobgoblins
  16 jackals
  4 quokkas
  7 ball pythons
  4 bats
  A frilled lizard (D:3)
  6 kobolds
  5 rats
119 creatures vanquished.

Vanquished Creatures (collateral kills)
  A phantom (D:5)
1 creature vanquished.

Grand Total: 120 creatures vanquished

Notes
Turn   | Place    | Note
-------+----------+-------------------------------------------
     0 | D:1      | CrazyBamboolord the Octopode Transmuter began the quest for
                  | the Orb.
     0 | D:1      | Reached XP level 1. HP: 13/13 MP: 3/3
   153 | D:1      | Reached XP level 2. HP: 17/18 MP: 1/5
   235 | D:1      | Learned a level 2 spell: Wereblood
   674 | D:2      | Reached XP level 3. HP: 18/23 MP: 2/6
  1035 | D:2      | Reached XP level 4. HP: 28/28 MP: 5/7
  1157 | D:2      | Reached skill level 1 in Poison Magic
  1474 | D:3      | Found a sparkling altar of Nemelex Xobeh.
  1486 | D:3      | Became a worshipper of Nemelex Xobeh the Trickster
  1822 | D:3      | Found a faded altar of an unknown god.
  1997 | D:4      | Reached * piety under Nemelex Xobeh
  2104 | D:4      | Reached XP level 5. HP: 28/34 MP: 6/9
  2222 | D:4      | Learned a level 3 spell: Spider Form
  2249 | D:4      | Found an opulent altar of Gozag.
  2329 | D:4      | Noticed an ogre
  2334 | D:4      | Killed an ogre
  2335 | D:4      | Reached skill level 4 in Unarmed Combat
  2335 | D:4      | Reached XP level 6. HP: 40/40 MP: 6/10
  2823 | D:4      | Received a gift from Nemelex Xobeh
  2889 | D:5      | Entered Level 5 of the Dungeon
  3158 | D:5      | HP: 1/41 [hound (4)]
  3331 | D:5      | Reached XP level 7. HP: 45/45 MP: 9/11
  3393 | D:5      | Reached skill level 1 in Invocations
  3538 | D:5      | Reached skill level 1 in Shields
  3565 | D:5      | Found a white marble altar of Elyvilon.
  3604 | D:5      | Reached skill level 1 in Stealth
  3610 | D:5      | Reached skill level 5 in Unarmed Combat
  3790 | D:5      | Found a glowing silver altar of Zin.
  3940 | D:5      | Found a hazy altar of Hepliaklqana.
  3941 | D:5      | Found a radiant altar of Vehumet.
  4547 | D:5      | Reached XP level 8. HP: 52/52 MP: 11/13
  4850 | D:5      | Gained mutation: You are agile. (Dex +4, Str/Int -1)
                  | [potion of mutation]
  4850 | D:5      | Gained mutation: A frigid envelope surrounds you and
                  | freezes all who hurt you. [potion of mutation]
  4850 | D:5      | Gained mutation: You are weak. (Str -2) [potion of
                  | mutation]
  4850 | D:5      | Slain by an unseen horror

Illustrated notes

Levels and vault maps discovered:
D:1:      giann_horns, layout_basic
D:2:      layout_rooms
D:3:      layout_loops_cross, nemelex_dance_club_becter,
          hellmonk_ecumenical_altar_dog_temple, chequers_serial_rivers_marsh
D:4:      layout_loops_ring, nicolae_gozag_seed_capital,
          dreamdust_princess_corridor
D:5:      kennysheep_windowed_halls, layout_basic,
          mainiacjoe_overflow_six_doors_small, mainiacjoe_overflow_divided_tiny,
          mainiacjoe_overflow_alcove_2

Skill      XL: |  1  2  3  4  5  6  7  8 |
---------------+-------------------------+-----
Poison Magic   | 1 2 3 |  3.1
Fighting       | 2 3 |  3.1
Dodging        | 3 4 |  4.0
Unarmed Combat | 4 5 |  5.6
Transmutations | 3 |  3.8
Spellcasting   | 3 |  3.8
Invocations    | 1 3 |  3.0
Shields        | 1 |  1.5
Stealth        | 1 |  1.5

Action                   |  1- 3 |  4- 6 |  7- 9 || total
-------------------------+-------+-------+-------++-------
Melee: Unarmed           |    89 |   129 |   103 ||   321
       Kick              |    27 |    39 |    43 ||   109
       Tentacles         |    14 |    23 |    33 ||    70
       Constrict         |    22 |    35 |    19 ||    76
       Punch             |     2 |     2 |     5 ||     9
 Cast: Beastly Appendage |    18 |    31 |    15 ||    64
       Wereblood         |     2 |     5 |     4 ||    11
       Spider Form       |       |     2 |     1 ||     3
Invok: Draw Escape       |       |     2 |       ||     2
       Draw Destruction  |       |     2 |       ||     2
       Draw Summoning    |       |     1 |       ||     1
 Abil: End Transformatio |       |       |     1 ||     1
  Use: Scroll            |       |     5 |       ||     5
       Potion            |       |       |     2 ||     2
 Stab: Sleeping          |       |     7 |     1 ||     8
Armor: Skin              |     8 |     3 |     3 ||    14
Dodge: Dodged            |    55 |    83 |    64 ||   202
Block: Other             |    13 |    30 |    27 ||    70
       Reflection        |       |       |     1 ||     1

Table legend: (Time is in decaauts)
 A = Elapsed time spent in this place.
 B = Non-inter-level travel time spent in this place.
 C = Inter-level travel time spent in this place.
 D = Time resting spent in this place.
 E = Time spent auto-exploring this place.
 F = Levels seen in this place.
 G = Mean time per level.
                   A        B        C        D        E       F      G
               +--------+--------+--------+--------+--------+-----+--------+
         Total |   4823 |   4674 |    149 |    687 |   3148 |   5 |  964.6 |
       Dungeon |   4823 |   4674 |    149 |    687 |   3148 |   5 |  964.6 |
               +--------+--------+--------+--------+--------+-----+--------+

Top non-repeatable levels by time:
     D:5: 1948 daAuts
     D:4: 900 daAuts
     D:1: 730 daAuts
     D:3: 667 daAuts
     D:2: 577 daAuts
